 Dungeon Crawl Stone Soup version 0.28-a0-662-g1651b1f1e0 (webtiles) character file.

Game seed: 15348430440412353156

144 runemasterragnar the Magician (level 5, -7/52 HPs)
             Began as a Djinni Hedge Wizard on Oct 15, 2021.
             Killed by divine providence
             ... invoked by an orc priest
              (12 damage)
             ... on level 3 of the Dungeon.
             The game lasted 00:07:07 (3631 turns).

runemasterragnar the Magician (Djinni Hedge Wizard) Turns: 3631, Time: 00:07:09

Health: -7/52      AC: 22    Str: 10    XL:     5   Next: 52%
Gold:   172        EV:  2    Int: 16    God:
                   SH:  0    Dex: 12

rFire   + . .      SeeInvis .   j - +0 short sword (protect)
rCold   + . .      Faith    .   (no shield)
rNeg    . . .      Spirit   .   (armour currently unavailable)
rPois   ∞          Reflect  .   (helmet currently unavailable)
rElec   +          Harm     .   (cloak currently unavailable)
rCorr   +          Rampage  .   (gloves currently unavailable)
Will    .....      NoTele   +   (boots unavailable)
Stlth   ++........              (no amulet)
HPRegen 0.17/turn               (no ring)
MPRegen 0.00/turn               (no ring)

@: tree-form, resistant, attractive
A: stationary, stasis, torment immunity, boosted hp, sickness immunity, (fire
resistance 2), (cold vulnerability 1), float, innate caster, hp casting, extra
vitality 1
a: no special abilities


You were on level 3 of the Dungeon.
You were a tree.
You visited 1 branch of the dungeon, and saw 4 of its levels.

You collected 172 gold pieces.

Inventory:

Hand Weapons
 a - a +0 dagger
 j - a +0 short sword of protection (weapon)
Armour
 b - a +0 robe (melded)
 c - a +1 hat (melded)
Potions
 d - a potion of lignification
 i - 2 potions of brilliance
 m - a potion of magic


   Skills:
 - Level 2.1 Dodging
 - Level 1.5 Stealth
 * Level 4.5 Spellcasting


You couldn't memorise any spells.
You knew the following spells:

 Your Spells              Type           Power      Damage    Failure   Level
a - Magic Dart            Conj           72%        1d6       2%          1
b - Blink                 Tloc           N/A        N/A       3%          2
c - Call Imp              Summ           18%        N/A       3%          2
d - Slow                  Hex            18%        N/A       3%          2
e - Conjure Flame         Conj/Fire      18%        6-21      8%          3
f - Mephitic Cloud        Conj/Pois/Air  18%        N/A       8%          3
g - Beastly Appendage     Tmut           36%        N/A       2%          1
h - Wereblood             Tmut           18%        N/A       3%          2
Your spell library was empty.

Dungeon Overview and Level Annotations

Branches:
Dungeon (4/15)
 Temple: D:4-7

Altars:

Shops:
D:1 [


Innate Abilities, Weirdness & Mutations

You are a tree.
Your roots penetrate the ground, keeping you stationary.
You cannot be teleported.
You are immune to unholy pain and torment.
Your maximum health is greatly increased.
Your equipment is partially melded.
You are immune to sickness and miasma.
You are immune to poison.
((Your flesh is very heat resistant. (rF++)))
((You are vulnerable to cold. (rC-)))
You float through the air rather than walking.
You learn spells naturally, not from books.
Your magical power is your life essence.
You have superior vitality. (+4 HP)


Message History

Aiming: Mephitic Cloud (dangerous; 8% risk of failure)
Press: ? - help, Shift-Dir - straight line, f - orc
Aim: an orc, wielding a +0 club (severely wounded, chance to affect: 96%)
The ball explodes into a vile cloud!
The stinking cloud engulfs the orc but does no damage.
The orc is severely wounded.
You hear a shout!
The orc is engulfed in noxious fumes.
The orc appears confused.
Unknown command.
You hit the orc.
Your weapon exudes an aura of protection.
You kill the orc!
The orc priest invokes the aid of Beogh against you.
Beogh smites you!
* * * LOW HITPOINT WARNING * * *
Unknown command.
It was a potion of curing.
You feel better.
It was a potion of resistance.
You feel protected.
Casting: Mephitic Cloud (dangerous; 8% risk of failure)
Confirm with . or Enter, or press ? or * to list all spells.
Okay, then.
Casting: Mephitic Cloud (dangerous; 8% risk of failure)
Confirm with . or Enter, or press ? or * to list all spells.
You grow a pair of large bovine horns.
Your +1 hat melds into your body.
The orc priest invokes the aid of Beogh against you.
Beogh smites you!
* * * LOW HITPOINT WARNING * * *
It was a potion of flight.
You feel more buoyant.
It was a potion of attraction.
You feel attractive to monsters.
Really quaff the potion of lignification?
Your horns disappear.
Your +1 hat unmelds from your body.
You turn into a tree.
Your +1 hat melds into your body.
Your +0 robe melds into your body.
Your roots penetrate the ground.
The orc priest mumbles some strange prayers to Beogh against you.
Beogh smites you!
You die...

#.#### .# ...# .#
#.###)##.###
#...†.......
#######..##.##.###
.........# ##
########.# #o# #♣#
#.# #.# #.# #.#
#.# #.########
#........#
########.#


You could see an orc priest.

Vanquished Creatures
  A howler monkey (D:4)
  Jessica (D:3)
  3 adders
  A worm (D:2)
  A dart slug (D:3)
  5 orcs (D:3)
  3 ball pythons
  4 endoplasms
  A giant cockroach (D:3)
  3 goblins
  A jackal (D:4)
  2 quokkas
  5 bats (D:1)
  2 frilled lizards
  2 kobolds
  6 rats
41 creatures vanquished.

Vanquished Creatures (collateral kills)
  An orc (D:3)
  An endoplasm (D:2)
  A jackal (D:4)
3 creatures vanquished.

Vanquished Creatures (others)
  A jackal (D:3)
1 creature vanquished.

Grand Total: 45 creatures vanquished

Notes
Turn   | Place    | Note
-------+----------+-------------------------------------------
     0 | D:1      | runemasterragnar the Djinni Hedge Wizard began the quest
                  | for the Orb.
     0 | D:1      | Reached XP level 1. HP: 15/15 MP: 0/0
   244 | D:1      | Found Eqafebb's Armour Boutique.
   345 | D:1      | Reached XP level 2. HP: 17/21 MP: 0/0
  1068 | D:1      | Reached skill level 3 in Spellcasting
  1221 | D:2      | Reached XP level 3. HP: 21/25 MP: 0/0
  1221 | D:2      | Learned a level 1 spell: Beastly Appendage
  1464 | D:2      | Found a faded altar of an unknown god.
  2633 | D:3      | Reached XP level 4. HP: 27/31 MP: 0/0
  2835 | D:4      | Reached skill level 4 in Spellcasting
  2835 | D:4      | Reached XP level 5. HP: 31/35 MP: 0/0
  2835 | D:4      | Learned a level 2 spell: Wereblood
  3166 | D:3      | Noticed Jessica
  3171 | D:3      | Killed Jessica
  3631 | D:3      | Killed from afar by an orc priest

Illustrated notes

Levels and vault maps discovered:
D:1:      dpeg_arrival_prison, layout_basic, serial_shops, shop_coins,
          minmay_misc_feat_cross
D:2:      layout_basic, basic_ecumenical_altar
D:3:      layout_loops_ring, uniq_jessica
D:4:      layout_rooms

Skill      XL: |  1  2  3  4 |
---------------+-------------+-----
Spellcasting   | 3 4 |  4.5
Dodging        | |  2.1
Stealth        | |  1.5

Action                   |  1- 3 |  4- 6 || total
-------------------------+-------+-------++-------
Melee: Short sword       |     8 |    22 ||    30
       Dagger            |     1 |       ||     1
 Cast: Magic Dart        |    64 |    33 ||    97
       Call Imp          |     2 |     4 ||     6
       Mephitic Cloud    |     1 |     4 ||     5
       Beastly Appendage |       |     1 ||     1
  Use: Scroll            |     2 |     3 ||     5
       Potion            |       |     8 ||     8
 Stab: Sleeping          |     2 |       ||     2
       Distracted        |       |     1 ||     1
Armor: Robe              |     4 |    11 ||    15
Dodge: Dodged            |     9 |    33 ||    42

Table legend: (Time is in decaauts)
 A = Elapsed time spent in this place.
 B = Non-inter-level travel time spent in this place.
 C = Inter-level travel time spent in this place.
 D = Time resting spent in this place.
 E = Time spent auto-exploring this place.
 F = Levels seen in this place.
 G = Mean time per level.
                   A        B        C        D        E       F      G
               +--------+--------+--------+--------+--------+-----+--------+
         Total |   3633 |   3575 |     58 |    314 |   2798 |   4 |  908.2 |
       Dungeon |   3633 |   3575 |     58 |    314 |   2798 |   4 |  908.2 |
               +--------+--------+--------+--------+--------+-----+--------+

Top non-repeatable levels by time:
     D:2: 1344 daAuts
     D:1: 1125 daAuts
     D:3: 1049 daAuts
     D:4: 113 daAuts
